Unix NetHack Version 5.0.0-0 post-release - last build Jul 14 2026 02:55:29 (1809b74e8187c3a3585e283601c3028b46cbbdcb,branch:main).

Game began 2026-07-16 16:03:08, ended 2026-07-16 16:27:48.

Koku, lawful female dwarven Valkyrie

                                                     ----       *`#
                                                   ---..|      ####
                                                   |....| -#-###..#--
                                                   |....| -..###....---
                                                   ---..--.............
                                                -------.................
                                                ........................
                                                -..-----..#.............
                                                ....| |...##..........
                                                ---.--|...###.........
                                                  |...|.|.|#--........
                                        ...       ---.---.|  |........
                                        -<.|        |.....|---......
                                        |..---      |..-..|.|...--..
                                        |....--   ..............--.....
                                        --....-   .@B........(.........
                                         --....--f.....................
                                          |............................
                                          |....--.|.|......--^.........
                                          ---.--------.--.------------
                                            ---      ------
Koku the Skirmisher         St:18/01 Dx:12 Co:17 In:9 Wi:8 Ch:8  Lawful
Dlvl:3  $:22 HP:0(29) Pw:5(5) AC:5  Xp:3 T:1442 

Latest messages:
 In what direction? <space>
 b - a +0 dagger.
 You hear some noises in the distance.
 You hear some noises.
 You swap places with Tulip.
 You swap places with Tulip.
 Tulip misses the dwarf.
 Tulip misses the dwarf.
 You hear some noises.
 You hear some noises in the distance.
 You swap places with Tulip.
 x - a pair of iron shoes.
 y - a dwarvish cloak.
 z - a magenta potion.
 A - a pick-axe.
 What do you want to wear? [xy or ?*] y
 You are now wearing a dwarvish cloak.
 You swap places with Tulip.
 You swap places with Tulip.
 You hear some noises in the distance.
 You stop.  Tulip is in the way!
 You swap places with the peaceful gnome.
 You hear some noises in the distance.
 A cloud of gas puts you to sleep!
 You wake up.
 A trap door in the ceiling opens and a rock falls on your head!
 Fortunately, you are wearing a hard helmet.
 B - a bag.
 What do you want to use or apply? [ehklAB or ?*] B
 C - a pink potion.
 What do you want to drink? [zC or ?*] C
 You feel better.
 What do you want to drink? [z or ?*] z
 Your feet are frozen to the floor!
 You hear some noises in the distance.
 A giant bat suddenly appears!
 The giant bat bites!
 The giant bat bites!
 The giant bat bites!
 The giant bat bites!
 The giant bat bites!
 The giant bat bites!
 The giant bat bites!
 The giant bat bites!
 You die...
 Do you want your possessions identified? [ynq] (y) y
 Do you want to see your attributes? [ynq] (y) y
 Do you want an account of creatures vanquished? [ynaq] (y) y
 Do you want to see your conduct and achievements? [ynq] (y) y
 Do you want to see the dungeon overview? [ynq] (y) y

Inventory:
 Coins    ('$')
  $ - 22 gold pieces
 Weapons  (')')
  w - 37 +0 darts (at the ready)
  b - a +0 dagger
  a - a +1 dwarvish spear (weapon in right hand)
 Armor    ('[')
  o - an uncursed +0 orcish helm (being worn)
  x - an uncursed +0 pair of iron shoes
  c - an uncursed +3 small shield (being worn)
  y - an uncursed +0 dwarvish cloak (being worn)
 Comestibles  ('%')
  n - an uncursed slime mold
  d - 2 uncursed food rations
  p - an uncursed lembas wafer
  u - an uncursed lichen corpse
 Scrolls  ('?')
  v - an uncursed scroll of remove curse
 Spellbooks  ('+')
  h - an uncursed spellbook of confuse monster
 Rings    ('=')
  q - an uncursed ring of aggravate monster
  r - an uncursed ring of cold resistance
 Wands    ('/')
  l - a wand of create monster (0:11)
 Tools    ('(')
  B - an empty cursed sack
  k - an uncursed lock pick
  e - an uncursed oil lamp
  A - a +0 pick-axe

Koku the Valkyrie's attributes:

Background:
 You were a Skirmisher, a level 3 dwarven Valkyrie.
 You were lawful, nominally on a mission for Tyr
 who was opposed by Odin (neutral) and Loki (chaotic).
 You were right-handed.
 You were in the Gnomish Mines, on level 3.
 You entered the dungeon 1442 turns ago.
 There was a new moon in effect when your adventure ended.
 You had 64 experience points, 16 more were needed to attain level 4.

Basics:
 You had 0 out of 29 hit points.
 You had all 5 energy points (spell power).
 Your armor class was 5.
 Your wallet contained 22 zorkmids.
 Autopickup was off.

Final Characteristics:
 Your strength was 18/01 (peak:18/05, limit:18/100).
 Your dexterity was 12 (limit:20).
 Your constitution was 17 (limit:20).
 Your intelligence was 9 (limit:16).
 Your wisdom was 8 (limit:16).
 Your charisma was 8 (limit:16).

Final Status:
 You weren't hungry.
 You were unencumbered.
 You were wielding a spear.
 You had basic skill with spear.

Final Attributes:
 You were devoutly aligned.
 Your items were somewhat protected from fire.
 You were cold resistant.
 Your items were somewhat protected from cold.
 You were telepathic.
 You had infravision.
 You were stealthy.
 You were warded.
 You are dead.

Miscellaneous:
 You didn't encounter any bones levels.
 Total elapsed playing time was 24 minutes and 40 seconds.

Major events:
 Turn
    1: Koku the lawful dwarven Valkyrie entered the dungeon
  599: attained the rank of Skirmisher (level 3)
 1026: entered the Gnomish Mines
 1442: killed by a giant bat, while frozen by a potion

Spells:
 Name                 Level Category     Fail Retention
 confuse monster        1   enchantment   89%  76%-100%

Skills:
 Fighting Skills
   bare handed combat [Unskilled]
   two weapon combat  [Unskilled]
   riding             [Unskilled]
 Weapon Skills
   dagger             [Basic]
   axe                [Unskilled]
   pick-axe           [Unskilled]
   short sword        [Unskilled]
   broadsword         [Unskilled]
   long sword         [Unskilled]
   two-handed sword   [Unskilled]
   saber              [Unskilled]
   hammer             [Unskilled]
   quarterstaff       [Unskilled]
   polearms           [Unskilled]
   spear              [Basic]
   trident            [Unskilled]
   lance              [Unskilled]
   sling              [Unskilled]
 Spellcasting Skills
   attack spells      [Unskilled]
   escape spells      [Unskilled]

Voluntary challenges:
 Character rerolling was not enabled.
 You were an atheist.
 You never genocided any monsters.
 You never polymorphed an object.
 You never changed form.
 You used no wishes.
Achievements:
 You entered a shop.
 You attained the rank of Skirmisher.
 You entered the Gnomish Mines.

 The Dungeons of Doom: levels 1 to 3
    Level 1: "first, nice chest"
    Level 2:
       A ring shop, a fountain.
       Stairs down to The Gnomish Mines.
    Level 3:
 The Gnomish Mines:
    Level 3: <- You were here.
       Final resting place for
          you, killed by a giant bat, while frozen by a potion.


Vanquished creatures:
  a small mimic
  a gnome leader
  a floating eye
  a dwarf
  a homunculus
  6 gnomes
  a gecko
  2 jackals
  a goblin
  2 lichens
  a kobold zombie
  7 newts
25 creatures vanquished.

No species were genocided or became extinct.

Game over:
                       ----------
                      /          \
                     /    REST    \
                    /      IN      \
                   /     PEACE      \
                  /                  \
                  |       Koku       |
                  |      22 Au       |
                  |   killed by a    |
                  |    giant bat     |
                  |                  |
                  |                  |
                  |       2026       |
                 *|     *  *  *      | *
        _________)/\\_//(\/(/\)/\//\/|_)_______

Farvel Koku the Valkyrie...

You died in The Gnomish Mines on dungeon level 3 with 478 points,
and 22 pieces of gold, after 1442 moves.
You were level 3 with a maximum of 29 hit points when you died.

